AoeStats
← Chiripa605

Nomad

507363929Analyzed
4v4 RM · 14d ago on Sep 17, 2026· 27m 46s· 8 players
Game mode
Random Map
Map size
231×231
Population
200
Speed
Normal
Resources
Standard
Victory
Conquest
Starting age
Dark Age
Ending age
Imperial Age
RankedLock teamsTeams togetherTeam positionsShared explorationLock speedFull tech treeHidden civsTurbo modeCheats
Victory
Defeat
🇨🇳 Mongols · China
1615
+6
🇯🇵 Vietnamese · Japan
1471
+10
🇨🇳 Italians · China
1413
+12
🇨🇳 Huns · China
977
+27
🇺🇸 Italians · United States
1355
-15
🇳🇿 Huns · New Zealand
1330
-14
🇬🇧 Dravidians · United Kingdom
1306
-13
🇺🇸 Maya · United States
1291
-13
Chiripa605
3:46 Loom
12:51 Feudal Age
13:46 Double-Bit Axe
19:05 Castle Age
17:04 Fishing Lines
17:31 Town Watch
20:11 Medium Warships
21:02 Bow Saw
22:38 Fletching
23:58 Gold Mining
26:15 Ballistics
Papamaci
5:14 Loom
13:30 Feudal Age
14:16 Gold Mining
15:31 Fishing Lines
16:03 Fletching
22:15 Castle Age
20:08 Double-Bit Axe
20:05 Horse Collar
21:51 Wheelbarrow
23:18 Medium Warships
23:06 Bodkin Arrow
24:05 Bow Saw
24:57 Gillnets
EverydayisSunday!
10:44 Loom
13:58 Feudal Age
14:33 Double-Bit Axe
15:22 Gold Mining
21:15 Castle Age
19:12 Stone Mining
20:01 Fletching
24:49 Bodkin Arrow
Soup
7:12 Loom
14:42 Feudal Age
18:47 Scale Barding Armor
22:43 Castle Age
22:54 Forging
24:39 Husbandry
晚辞
3:10 Loom
14:06 Feudal Age
15:16 Double-Bit Axe
17:54 Castle Age
20:08 Bow Saw
19:51 Gold Mining
21:21 Fletching
23:36 Horse Collar
nono
5:01 Loom
12:41 Feudal Age
16:50 Castle Age
15:04 Town Watch
15:07 Double-Bit Axe
15:15 Fletching
17:10 Fishing Lines
18:12 Bodkin Arrow
19:19 Medium Warships
26:02 Horse Collar
26:34 Bow Saw
卢本伟
5:09 Loom
15:13 Feudal Age
19:27 Castle Age
19:41 Stone Mining
23:27 Horse Collar
风吹的味道
11:16 Loom
14:25 Feudal Age
18:00 Castle Age
16:02 Double-Bit Axe
16:34 Gold Mining
16:29 Fishing Lines
18:36 Fletching
19:10 Bow Saw
19:43 Padded Archer Armor
20:42 Bodkin Arrow
22:14 Wheelbarrow
26:11 Bloodlines
Connection lost

Rejoining the realm…

Still unreachable

The connection could not be restored.

Session expired

The server has moved on; the page needs a fresh start.